 Dungeon Crawl Stone Soup version 0.30-a0-737-gf23d94013f (webtiles) character file.

Game seed: 4106280025010654355

357 prowojo666 the Shooter (level 6, -1/39 HPs)
             Began as a Gargoyle Hunter on Feb 2, 2023.
             Slain by Crazy Yiuf
             ... wielding a +2 quarterstaff of chaos
              (7 damage)
             ... on level 5 of the Dungeon.
             The game lasted 00:09:21 (2850 turns).

prowojo666 the Shooter (Gargoyle Hunter)            Turns: 2850, Time: 00:09:22

Health: -1/39      AC: 13    Str: 14    XL:     6   Next: 64%
Magic:  6/6        EV: 14    Int: 10    God:
Gold:   225        SH:  0    Dex: 15    Spells: 5/5 levels left

rFire   . . .      SeeInvis .    a - +0 shortbow
rCold   . . .      Faith    .    (shield currently unavailable)
rNeg    + . .      Spirit   .    E - +0 scale mail {Will+}
rPois   ∞          Reflect  .    y - +1 hat
rElec   +          Harm     .    (no cloak)
rCorr   .          Rampage  .    u - +0 pair of gloves
Will    +....                    (no boots) Stlth
                                 (no amulet)
HPRegen 0.26/turn                (no ring)
MPRegen 0.10/turn                (no ring)

@: mighty, agile
A: sickness immunity, AC +4, negative energy resistance 1, electricity
resistance, torment resistance 1, petrification resistance
a: no special abilities


You were on level 5 of the Dungeon.
You visited 1 branch of the dungeon, and saw 5 of its levels.

You collected 225 gold pieces.

Inventory:

Hand Weapons
 a - a +0 shortbow (weapon)
 d - a +0 whip
 e - a +0 dagger
 h - a +0 whip
 k - a +0 long sword of holy wrath
 l - a +0 flail
 m - a +0 club
 r - a +2 sling of draining
 B - a +0 shortbow
 H - a +1 dagger of venom
Armour
 c - a +0 leather armour
 f - a +0 ring mail
 i - a +0 ring mail
 p - the +0 barding of Taughav {rElec rN+++ Will- Dex-2 Stlth+}
   (You found it on level 2 of the Dungeon)

   Dex:       It affects your dexterity (-2).
   rElec:     It insulates you from electricity.
   rN:        It renders you almost immune to negative energy.
   Will:      It decreases your willpower.
   Stlth:     It makes you more stealthy.
 u - a +0 pair of gloves (worn)
 y - a +1 hat (worn)
 E - a +0 scale mail of willpower (worn)
Magical Staves
 v - a staff of cold
Jewellery
 A - a ring of protection from cold
 C - a ring of fire
 K - a ring of see invisible
Wands
 x - a wand of flame (10)
Scrolls
 b - a scroll of immolation
 g - a scroll of magic mapping {unknown}
 n - 3 scrolls of fog {unknown}
 o - 4 scrolls of identify {unknown}
 s - a scroll of noise {unknown}
 w - a scroll of enchant armour {unknown}
 z - 2 scrolls of enchant weapon {unknown}
 D - a scroll of poison {unknown}
 I - a scroll of amnesia {unknown}
 J - a scroll of fear {unknown}
Potions
 j - a potion of curing {unknown}
 q - a potion of might {unknown}
 t - a potion of brilliance {unknown}
 F - a potion of magic {unknown}
 G - a potion of lignification {unknown}


   Skills:
 + Level 4.6 Fighting
 + Level 5.4 Ranged Weapons
 + Level 3.9 Armour
 - Level 1.5 Dodging
 - Level 1.1 Stealth


You had 5 spell levels left.
You didn't know any spells.
Your spell library contained the following spells:

 Spells                   Type           Power      Damage    Failure   Level
 Freeze                   Ice            0%         1d3       83%         1
 Sandblast                Erth           0%         2d4       83%         1
 Blink                    Tloc           0%         N/A       92%         2
 Lesser Beckoning         Tloc           0%         N/A       92%         2
 Momentum Strike          Conj/Tloc      0%         3d8       92%         2
 Passwall                 Tmut/Erth      0%         N/A       92%         2
 Frozen Ramparts          Ice            0%         1d1       99%         3
 Hailstorm                Conj/Ice       0%         3d3       99%         3
 Stone Arrow              Conj/Erth      0%         3d7       99%         3


Dungeon Overview and Level Annotations

Branches:
Dungeon (5/15)
 Temple: D:4-7

Altars:
Vehumet

Annotations:
D:5 Crazy Yiuf


Innate Abilities, Weirdness & Mutations

You are immune to sickness and miasma.
Your stone body is resilient. (AC +4)
You are immune to poison.
You resist negative energy. (rN+)
You are resistant to electric shocks. (rElec)
You are resistant to unholy torment.
You are immune to petrification.


Message History

You are too injured to fight recklessly!
You are too injured to fight recklessly!
You are too injured to fight recklessly!
Crazy Yiuf attacks as you move away!
Crazy Yiuf hits you with a +2 quarterstaff of chaos.
* * * LOW HITPOINT WARNING * * *
Crazy Yiuf laughs, "Lugonu!"
Crazy Yiuf attacks as you move away!
Crazy Yiuf hits you with a +2 quarterstaff of chaos.
* * * LOW HITPOINT WARNING * * *
Crazy Yiuf burns you.
* * * LOW HITPOINT WARNING * * *
Crazy Yiuf attacks as you move away! Crazy Yiuf hits you but does no damage.
You feel agile all of a sudden.
Aiming: Throw Flame
Press: ? - help, Shift-Dir - straight line, f/p - Crazy Yiuf
Aim: Crazy Yiuf, wielding a +2 quarterstaff of chaos and wearing a +0 cloak (heavily wounded, 72% to hit)
The puff of flame hits Crazy Yiuf.
Crazy Yiuf is severely wounded.
Crazy Yiuf barely misses you.
Crazy Yiuf laughs, "Iron!
Announcement forty-two hand."
Crazy Yiuf attacks as you move away! Crazy Yiuf barely misses you.
Crazy Yiuf cries, "Cake tea down!"
Crazy Yiuf attacks as you move away! Crazy Yiuf closely misses you.
Crazy Yiuf laughs, "Powder noodlescoop alas!"
Crazy Yiuf attacks as you move away! Crazy Yiuf barely misses you.
Crazy Yiuf attacks as you move away!
Crazy Yiuf hits you with a +2 quarterstaff of chaos.
* * * LOW HITPOINT WARNING * * *
You resist with almost no effort.
Crazy Yiuf says, "Castle hog head!"
There is a stone staircase leading down here.
Crazy Yiuf misses you.
You climb downwards.
You hear the sound of rushing water.
There is an entrance to a sewer on this level.
Hurry and find it before the portal rusts away!
Found a hand axe.
There is a stone staircase leading up here.
Crazy Yiuf hits you with a +2 quarterstaff of chaos!
You die...

###+###
#.#.....#
#.....@.#
##.....g#
##....)#
####+##


You could see Crazy Yiuf.

Vanquished Creatures
  A centaur (D:4)
  A phantom (D:4)
  A jelly (D:4)
  An iguana (D:3)
  An orc wizard (D:4)
  An adder (D:3)
  An ufetubus (D:3)
  4 worms
  2 dart slugs
  4 orcs (D:4)
  7 ball pythons
  10 endoplasms
  3 giant cockroaches
  15 goblins
  10 hobgoblins
  3 jackals (D:2)
  4 kobolds
  2 quokkas (D:4)
  4 bats
  2 frilled lizards (D:1)
  10 rats
87 creatures vanquished.

Vanquished Creatures (others)
  A fungus (D:4)
1 creature vanquished.

Grand Total: 88 creatures vanquished

Notes
Turn   | Place    | Note
-------+----------+-------------------------------------------
     0 | D:1      | prowojo666 the Gargoyle Hunter began the quest for the Orb.
     0 | D:1      | Reached XP level 1. HP: 12/12 MP: 1/1
   104 | D:1      | Reached XP level 2. HP: 18/18 MP: 2/2
   203 | D:1      | Reached skill level 1 in Armour
   425 | D:1      | Reached XP level 3. HP: 22/22 MP: 3/3
   742 | D:2      | Identified the +0 barding of Taughav {rElec rN+++ Will-
                  | Dex-2 Stlth+}
   894 | D:2      | Reached XP level 4. HP: 28/28 MP: 4/4
  1586 | D:3      | Reached XP level 5. HP: 19/32 MP: 5/5
  2206 | D:4      | Found a radiant altar of Vehumet.
  2285 | D:4      | Noticed a centaur
  2291 | D:4      | Killed a centaur
  2292 | D:4      | Reached skill level 5 in Ranged Weapons
  2292 | D:4      | Reached XP level 6. HP: 21/38 MP: 6/6
  2820 | D:4      | Found a runed translucent door.
  2821 | D:4      | Noticed Crazy Yiuf
  2849 | D:5      | Entered Level 5 of the Dungeon
  2850 | D:5      | Slain by Crazy Yiuf

Illustrated notes

Levels and vault maps discovered:
D:1:      amcnicky_arrival_underground_garden, layout_loops_cross
D:2:      layout_rooms, st_stairs_1
D:3:      layout_basic, amcnicky_mini_pool_small, minivault_27
D:4:      layout_rooms, fiery_altar_vehumet, uniq_crazy_yiuf_cottage
D:5:      layout_gridville, gup_sewer_entry_bowl, eino_tiny_chamber,
          corexii_checkpoint_a, uniq_sigmund

Skill      XL: |  1  2  3  4  5 |
---------------+----------------+-----
Armour         | 1 2 3 |  3.9
Fighting       | 3 4 |  4.6
Ranged Weapons | 5 |  5.4
Dodging        | |  1.5
Stealth        | |  1.1

Action                     |  1- 3 |  4- 6 || total
---------------------------+-------+-------++-------
  Melee: Shortbow          |       |     1 ||     1
   Fire: Shortbow          |   100 |   168 ||   268
  Evoke: Wand              |       |     1 ||     1
 Armour: Ring mail         |    18 |    32 ||    50
         Leather armour    |     1 |       ||     1
         Scale mail        |       |    28 ||    28
  Dodge: Dodged            |    13 |    54 ||    67

Table legend: (Time is in decaauts)
 A = Elapsed time spent in this place.
 B = Non-inter-level travel time spent in this place.
 C = Inter-level travel time spent in this place.
 D = Time resting spent in this place.
 E = Time spent auto-exploring this place.
 F = Levels seen in this place.
 G = Mean time per level.
                   A        B        C        D        E       F      G
               +--------+--------+--------+--------+--------+-----+--------+
         Total |   2956 |   2835 |    121 |    260 |   1655 |   5 |  591.2 |
       Dungeon |   2956 |   2835 |    121 |    260 |   1655 |   5 |  591.2 |
               +--------+--------+--------+--------+--------+-----+--------+

Top non-repeatable levels by time:
     D:3: 1145 daAuts
     D:1: 742 daAuts
     D:4: 586 daAuts
     D:2: 480 daAuts
     D:5: 0 daAuts
